[Event "Fredericia IM 2022"]
[Site "Fredericia"]
[Date "2022.05.28"]
[Round "7.3"]
[White "Bogdanov, Egor"]
[Black "Fries-Nielsen, Jens Ove"]
[Result "1/2-1/2"]
[ECO "B01"]
[WhiteElo "2415"]
[BlackElo "2370"]
[Annotator "TA"]
[PlyCount "67"]
[EventDate "2022.05.25"]
[EventType "tourn"]
[EventCountry "DEN"]
[SourceTitle "playchess.com"]
[Source "ChessBase"]
[SourceQuality "1"]
[TimeControl "40/5400+30:1800+30"]

1. e4 d5 2. exd5 Qxd5 3. Nc3 Qe5+ 4. Nge2 Nf6 5. d4 Qa5 6. g3 {[%emt 0:08:51] [#] B01: Scandinavian Defence.} Bg4 $146 ({Predecessor:} 6... c6 7. Bg2 Bf5 8. O-O e6 9. Bd2 Qb6 10. Na4 Qc7 11. c4 Nbd7 12. Nac3 Be7 {0-1 (55) Papakonstantinou,D (2049)-Lin,D (2222) Tornelo INT 2021}) 7. Bg2 Nc6 8. h3 {[%emt 0:02:05] The position is equal.} Bxe2 9. Bxc6+ bxc6 10. Qxe2 e6 11. O-O Bd6 12. Qf3 (12. Rd1 {keeps more tension.} Qf5 13. Kg2 O-O 14. Qd3) 12... O-O 13. Kg2 c5 14. d5 Nxd5 15. Nxd5 exd5 16. Qxd5 Rad8 17. Qf5 Qa6 18. Be3 (18. b3 $14) 18... Qb7+ $1 $15 19. Kg1 Qxb2 20. c4 (20. Rad1 $15) 20... Rfe8 $17 21. Rfd1 g6 22. Qf3 Qc2 23. Rac1 Qb2 ({Black should play} 23... Qxa2 $17 24. Qf6 Qe2) 24. Rd5 (24. Ra1 $1 $11 {keeps the balance.}) 24... Re6 ({Much worse is} 24... Qxa2 25. Qf6 Be7 26. Qe5 $11) 25. Rcd1 Qxa2 26. Bxc5 Qxc4 27. Bxa7 Rde8 28. Be3 h5 29. Kg2 Rb8 30. R5d4 Qb5 31. Rd5 Qe8 32. Bc5 Bxc5 33. Rxc5 c6 34. Rdc1 {[%emt 0:00:32] Weighted Error Value: White=0.18 (very precise) /Black=0.09 (flawless)} 1/2-1/2

[Event "Fredericia IM 2022"]
[Site "Fredericia"]
[Date "2022.05.28"]
[Round "7.4"]
[White "Hilwerda, Jonas"]
[Black "Easwaralingam, Adesh"]
[Result "0-1"]
[ECO "B48"]
[WhiteElo "2275"]
[BlackElo "2116"]
[Annotator "TA"]
[PlyCount "68"]
[EventDate "2022.05.25"]
[EventType "tourn"]
[EventCountry "DEN"]
[SourceTitle "playchess.com"]
[Source "ChessBase"]
[SourceQuality "1"]
[TimeControl "40/5400+30:1800+30"]

1. e4 c5 2. Nf3 e6 3. d4 cxd4 4. Nxd4 Nc6 5. Nc3 Qc7 6. Be3 a6 7. g4 {[%emt 0:00:38] B48: Sicilian: Taimanov: 5 Nc3 Qc7 6 Be3 a6 without Be2.} b5 8. Nxc6 Qxc6 9. Qd2 {[%emt 0:00:20] The position is equal.} b4 10. Ne2 Qxe4 11. Rg1 {[%emt 0:00:05] And now Bg2 would win.} Qc6 12. O-O-O {[%emt 0:07:43] [#]} Bb7 $146 ({Predecessor:} 12... d5 13. f4 Nf6 14. f5 Ne4 15. Qd3 Nc5 16. Bxc5 Bxc5 17. Rg3 Bd7 18. Rh3 Rc8 19. fxe6 Bxe6 {0-1 (45) Zverev,L (2163)-Radzhabov,R (2370) Cheliabinsk 2021}) 13. Nf4 {[%emt 0:09:15] Against Qd5} d5 14. Bd4 Nf6 15. Bd3 O-O-O (15... Bc5 $5 16. Bxf6 gxf6 $15) 16. Nh5 Ne4 17. Qe3 f6 18. Bxe4 dxe4 19. g5 f5 20. Nxg7 f4 ({Black should play} 20... Rg8 $14 21. Nh5 Bd6) 21. Qb3 $1 $18 (21. Qxf4 Rxd4 $1 22. Rxd4 Bxg7 23. Rxb4 Rf8 $11) 21... Bxg7 (21... Rxd4 $2 22. Rxd4 Bc5 23. Rc4 (23. Qxe6+ Qxe6 24. Nxe6 Bxd4 $16) (23. Nxe6 Bxd4 24. Nxd4 Qc5 $16)) 22. Bxg7 Rhg8 23. Bf6 Rxd1+ 24. Rxd1 a5 25. Qh3 Kb8 {[%emt 0:03:52] [#]} 26. Be5+ $1 Ka8 27. Rd6 Qb5 28. Bxf4 (28. Qxh7 $2 Rc8 29. Qd7 Qxe5 $19) 28... Bd5 (28... Rc8 $16 {is a better defense.}) 29. Qe3 {[%emt 0:02:16] Strongly threatening Qd4.} Rc8 30. Rb6 $2 (30. Kd2 $18) 30... Qc4 $40 {[%emt 0:01:52][%csl Gc8][%cal Rc4c2][%mdl 128] Black mounts an attack.} 31. c3 Qf1+ (31... bxc3 32. bxc3 Rf8 33. Rb2 Qf1+ 34. Kd2) (31... Rf8 $11 32. Rd6 bxc3 33. bxc3 Rxf4 34. Rd8+ (34. Qxf4 Qf1+ 35. Kc2 Qd3+ 36. Kc1 Qf1+ 37. Kd2 Qd3+ 38. Ke1 Qb1+ 39. Ke2 Qd3+ 40. Ke1 Qb1+ 41. Ke2 Qd3+ 42. Ke1 $11) 34... Kb7 35. Qxf4 Qf1+ 36. Kd2 Qd3+ 37. Ke1 (37. Kc1 Qf1+ 38. Kd2 Qd3+ 39. Ke1 Qb1+ 40. Ke2 Qd3+ 41. Ke1 Qb1+ 42. Ke2 Qd3+ 43. Ke1 $11) 37... Qb1+ 38. Ke2 (38. Kd2 Qd3+ 39. Ke1 Qb1+ 40. Ke2 Qd3+ 41. Ke1 $11) 38... Qd3+ 39. Ke1 Qb1+ 40. Ke2 (40. Kd2 Qd3+ 41. Ke1 $11) 40... Qd3+ 41. Ke1) 32. Kd2 $16 Qc4 (32... Bxa2 $142 33. Qxe4+ (33. Qe2 Qxe2+ 34. Kxe2 bxc3 $14) 33... Bd5) 33. Bd6 (33. Be5 $16) 33... Bb7 $11 {[%emt 0:02:55] The board is on fire.} 34. cxb4 $2 (34. Qd4 $11 bxc3+ 35. bxc3) 34... Qc1+ {Weighted Error Value: White=0.44/Black=0.21 (precise)} 0-1

[Event "Fredericia IM 2022"]
[Site "Fredericia"]
[Date "2022.05.28"]
[Round "7.5"]
[White "Egilstoft, Rogvi"]
[Black "Boe, Mads"]
[Result "0-1"]
[ECO "B10"]
[WhiteElo "2334"]
[BlackElo "2293"]
[Annotator "TA"]
[PlyCount "104"]
[EventDate "2022.05.25"]
[EventType "tourn"]
[EventCountry "DEN"]
[SourceTitle "playchess.com"]
[Source "ChessBase"]
[SourceQuality "1"]
[TimeControl "40/5400+30:1800+30"]

1. e4 c6 2. g3 d5 3. Bg2 dxe4 4. Nc3 Nf6 5. Nxe4 Nxe4 6. Bxe4 {[%emt 0:00:07] B10: Caro-Kann: 2 d3 and 2 c4.} Nd7 7. Bg2 Nf6 8. Nf3 {[%emt 0:00:53] White has an edge.} Bf5 9. d4 e6 10. O-O Be7 11. Re1 h6 12. b3 O-O 13. Bb2 {[%emt 0:01:13] [#]} Qc7 $146 ({Predecessor:} 13... a5 14. Ne5 a4 15. Qd2 Qb6 16. Nc4 Qc7 17. Rac1 axb3 18. axb3 Rfd8 19. Ra1 b5 20. Ne3 Bg6 {½-½ (31) Joentausta,H (2138)-Ronka,E (2277) Finland 2019}) 14. Qe2 a5 15. a3 Rfd8 16. h3 Rac8 17. c4 Bf8 18. Ne5 Re8 19. Qf3 Re7 20. Bc3 Nd7 21. Nd3 Ree8 22. Re2 Bh7 23. Bb2 Red8 24. Rd1 c5 25. d5 (25. Qxb7 cxd4 26. Qxc7 (26. Bxd4 Qxb7 27. Bxb7 Rb8 $17) 26... Rxc7 $15) 25... exd5 26. Qxd5 ({Better is} 26. Ne5 $14 Nxe5 27. Bxe5) 26... a4 {[%emt 0:03:20] [#] aiming for ...Nb6.} (26... Nb6 $5 27. Qf3 a4 $11) 27. Red2 ({Much weaker is} 27. bxa4 Nb6 28. Qf3 Nxc4 $17) (27. Qxf7+ $11 Kxf7 28. Bd5+ Kg6 29. Be4+ Kg5 30. f4+ Kh5 31. Bf3+ Kg6 32. Be4+ Kf7 33. Bd5+ Kg6 34. f5+ Kh5 35. Bf7+ g6 36. Nf4+ Qxf4 37. gxf4) 27... Nb6 ({Black should play} 27... axb3 $15 28. Qf3 b5 29. cxb5 c4) 28. Qxb7 (28. Qf3 $1 $11 {remains equal.}) 28... Qxb7 $17 ({And not} 28... axb3 29. Qa6 $15) 29. Bxb7 Rc7 $36 {[%emt 0:00:16][%mdl 2048] White is under strong pressure.} 30. Bd5 axb3 31. Nc1 $2 {[%emt 0:02:46] [#]} (31. Ne5 $17 {might work better.} Nxd5 32. Rxd5) 31... Nxd5 (31... Bc2 $1 $19 {[%cal Rc2d1] has better winning chances.} 32. Bxf7+ Rxf7 33. Rxd8 Nxc4) 32. Rxd5 Rxd5 33. Rxd5 Be7 {[%emt 0:01:22] Inhibits Rd8+.} 34. Kf1 ({Don't blunder} 34. Nxb3 $2 Rb7 35. Re5 Kf8 $19) 34... Rb7 35. Rd2 (35. Ne2 $17) 35... Bc2 (35... Bf5 $19 {is more deadly.} 36. Nd3 Be6) 36. Ke2 $2 (36. Nd3 $17 {was worth a try.}) 36... Bf6 $19 37. Bxf6 gxf6 38. Rxc2 bxc2 {[%emt 0:01:01][%mdl 4096] Endgame KR-KN} 39. Kd2 Ra7 40. Kxc2 Rxa3 41. Nd3 Ra5 42. Kd2 f5 {[%emt 0:02:32] Threatens to win with ...Kg7.} 43. Ke3 (43. Nc1 {is the only way for White.}) 43... Kg7 44. g4 $2 (44. Kd2 {nothing else works.}) 44... Kf6 45. f3 (45. Kf4 $142 Ra4 46. Ne5) 45... Ra4 46. Nxc5 Rxc4 47. Nd3 Rc3 {[%emt 0:00:00] Hoping for ...Kg5.} 48. f4 Ra3 {[%emt 0:00:00] ...Kg6 is the strong threat.} 49. Ke2 Ke6 50. Nf2 fxg4 51. hxg4 f5 {[%emt 0:00:00] ( -> ...fxg4)} 52. gxf5+ Kxf5 {[%emt 0:00:00] Weighted Error Value: White=0.99/Black=0.18 (very precise)} 0-1

[Event "Fredericia IM 2022"]
[Site "Fredericia"]
[Date "2022.05.29"]
[Round "8.1"]
[White "Bogdanov, Egor"]
[Black "Storme, Isak"]
[Result "1/2-1/2"]
[ECO "C54"]
[WhiteElo "2415"]
[BlackElo "2388"]
[Annotator "TA"]
[PlyCount "30"]
[EventDate "2022.05.25"]
[EventType "tourn"]
[EventCountry "DEN"]
[SourceTitle "playchess.com"]
[Source "ChessBase"]
[SourceQuality "1"]
[TimeControl "40/5400+30:1800+30"]

1. e4 {[%emt 0:00:01] Fernandez,D} e5 2. Nf3 Nc6 3. Bc4 Bc5 4. c3 Nf6 5. d4 exd4 6. cxd4 Bb4+ 7. Bd2 Bxd2+ 8. Nbxd2 d5 9. exd5 Nxd5 10. Qb3 Na5 11. Qa4+ Nc6 12. Qb3 Na5 13. Qa4+ Nc6 14. Qb3 {[%emt 0:00:08] [#]} Na5 $146 ({Predecessor:} 14... Nce7 15. O-O O-O 16. Rfe1 c6 17. Ne4 Nb6 18. Bd3 Ned5 19. Nc5 Nf6 20. Rac1 Rb8 21. Qa3 a6 22. Qb3 Qc7 23. Ne4 Nfd5 24. Nc3 Qd6 25. Be4 {½-½ (36) Jones,G (2640)-Karjakin,S (2753) Wijk aan Zee 2018 CBM 183 [Fernandez,D]}) 15. Qa4+ Nc6 $1 1/2-1/2

[Event "Fredericia IM 2022"]
[Site "Fredericia"]
[Date "2022.05.29"]
[Round "8.2"]
[White "Thorsbro, Peter"]
[Black "Ramsdal, Jens Albert"]
[Result "1-0"]
[ECO "A40"]
[WhiteElo "2192"]
[BlackElo "2267"]
[Annotator "TA"]
[PlyCount "147"]
[EventDate "2022.05.25"]
[EventType "tourn"]
[EventCountry "DEN"]
[SourceTitle "playchess.com"]
[Source "ChessBase"]
[SourceQuality "1"]
[TimeControl "40/5400+30:1800+30"]

1. d4 e6 2. Nf3 c5 3. g3 Nc6 4. Bg2 Qb6 5. e3 Nf6 6. O-O {[%emt 0:00:14] A43: Schmid Benoni.} Be7 7. c4 cxd4 8. exd4 {[%emt 0:00:50] The position is equal.} d5 {[%emt 0:00:12] [#]} 9. c5 $146 ({Predecessor:} 9. Nc3 dxc4 10. Ne5 Nxe5 11. dxe5 Nd7 12. Qg4 Kf8 13. Re1 Qc5 14. Bf4 h5 15. Qe2 {1-0 (35) Hernandez Amura,G (1851)-Salvatti,D (2112) Mar del Plata 2012}) 9... Qd8 10. Nc3 O-O $1 11. Rb1 Ne4 12. Qc2 e5 {[%emt 0:13:49] Hoping for ...Bf5.} 13. Nxe4 (13. dxe5 Bf5 14. Re1 Nxc3 15. Qxf5 Nxb1 16. Qxb1 Bxc5 $17) 13... dxe4 14. Qxe4 ({Weaker is} 14. Nxe5 Nxd4 15. Qd1 (15. Qxe4 $2 Bf5 $19) 15... Qd5 $17) 14... exd4 15. b4 {[%emt 0:14:54] Strongly threatening b5.} Bf6 16. Bf4 Re8 17. Qd3 g6 18. Qd2 Bf5 19. Rbe1 Qd7 ({Better is} 19... a6 $14) 20. b5 $16 Nd8 (20... Rxe1 $16 21. Rxe1 Nd8) 21. Rxe8+ $18 Qxe8 22. Nxd4 Bxd4 23. Qxd4 {[%emt 0:03:44] Qf6 is the strong threat.} Ne6 24. Qb4 {[%emt 0:02:04] White is much more active.} Nxf4 25. gxf4 {[%emt 0:00:21] aiming for Re1.} Rb8 26. Re1 Qf8 (26... Qd7 $16) 27. Qc3 Rc8 28. c6 {[%emt 0:01:16] And now c7 would win.} ({And not} 28. Bxb7 Rxc5 29. Qa5 Qd6 $11) 28... bxc6 29. bxc6 Qd6 30. Qe5 Qxe5 31. fxe5 {[%emt 0:04:06][%mdl 4096] Endgame KRB-KRB} ({But not} 31. Rxe5 Kf8 $16) 31... Kf8 32. f4 Ke7 33. Re3 Be6 (33... f6 $16 34. Rc3 fxe5) 34. Ra3 Rc7 (34... Ra8 {was worth a try.} 35. Kf2 a6) 35. Ra4 f6 36. Kf2 fxe5 37. fxe5 g5 (37... Kd8 $142 38. Ke3 Rf7) 38. Ke3 h5 39. a3 Bc8 40. Bd5 {[%emt 0:01:27] Black must now prevent Kd4.} Be6 (40... Kd8 $142 41. Kd4 Bh3) 41. Kd4 h4 42. Rb4 {[%emt 0:00:27] Intending Rb7 and mate.} Bc8 {[%emt 0:01:50] [#] Prevents Rb7.} 43. Rb7 $1 Kd8 {[%emt 0:00:01] [#]} 44. Rxc7 (44. e6 $142 $1 {[%cal Od4e5] White wants to mate with Ke5!} Bxe6 (44... Re7 45. Ke5) 45. Rxc7 Kxc7 46. Bxe6 Kxc6 47. Bg4) 44... Kxc7 {[%emt 0:00:02] KB-KB} 45. Kc5 Bf5 {[%emt 0:00:57] [#]} 46. e6 (46. a4 $1 $18 {is the precise move to win.}) 46... g4 $16 47. e7 Bg6 48. Be6 ({White should play} 48. Kb5 $16) 48... g3 $11 49. hxg3 hxg3 {[%emt 0:00:06] ( -> ...g2)} 50. Bd5 a6 51. Bg2 Bf7 52. Bf3 Be8 $1 53. Kb4 {[%emt 0:00:16] Ka5 would kill now.} Kb6 54. Kc4 Kc7 55. Kc5 Bf7 56. Be4 Be8 $1 57. Kd4 Kd6 58. Kc4 Kc7 59. Kd4 {[%emt 0:02:04] Threatening mate with Ke5.} Kd6 60. Ke3 Kxe7 $2 {[%emt 0:00:00][%mdl 8192] A mistake that costs the game.} (60... Bf7 $11) 61. c7 {[%emt 0:00:35] White mates.} Bd7 62. Bb7 a5 63. a4 Kd6 64. c8=Q Bxc8 65. Bxc8 {[%emt 0:00:10] KB-KPP} Ke5 66. Kf3 Kd4 67. Kxg3 {[%emt 0:00:08] KB-KP} Ke3 68. Bb7 Kd4 69. Kf4 Kc5 70. Ke5 Kb6 71. Bc8 Kc6 72. Kd4 Kd6 73. Kc4 Kc6 74. Bg4 {[%emt 0:00:07] Weighted Error Value: White=0.24 (precise) /Black=0.50} 1-0

[Event "Fredericia IM 2022"]
[Site "Fredericia"]
[Date "2022.05.29"]
[Round "8.3"]
[White "Vinter-Schou, Uffe"]
[Black "Hilwerda, Jonas"]
[Result "1-0"]
[ECO "B31"]
[WhiteElo "2321"]
[BlackElo "2275"]
[Annotator "TA"]
[PlyCount "77"]
[EventDate "2022.05.25"]
[EventType "tourn"]
[EventCountry "DEN"]
[SourceTitle "playchess.com"]
[Source "ChessBase"]
[SourceQuality "1"]
[TimeControl "40/5400+30:1800+30"]

1. e4 c5 2. Nf3 Nc6 3. Bb5 g6 4. c3 Nf6 5. Qe2 e5 6. O-O {[%emt 0:04:03] B31: Sicilian: 2...Nc6 3 Bb5 g6.} Bg7 $1 7. d3 O-O {[%emt 0:00:10] [#]} 8. a3 $146 {[%emt 0:12:20] The position is equal.} ({Predecessor:} 8. Bg5 h6 9. Bxf6 Qxf6 10. Bc4 Qd8 11. Nbd2 d6 12. Rfe1 Rb8 13. a4 Kh7 14. h3 {½-½ (27) Becker,C (2204)-Catois,Y (1878) ICCF email 2020}) 8... Qc7 9. b4 cxb4 10. axb4 d5 {[%emt 0:00:23] Against Bc4} 11. Bg5 dxe4 12. dxe4 Nh5 13. g3 Bg4 14. Nbd2 Rfc8 15. Bc4 Nd8 16. Rfc1 Kh8 17. Bd5 Nf6 18. Bb3 {[%emt 0:05:44] White is much more active. The black rooks are badly placed.} ({White should try} 18. Bxf6 $14 Bxf6 19. Nc4) 18... Nh5 (18... Be6 $11) 19. Ra5 (19. Qb5 $16 {White threatens Qe8+ and mate.} Nc6 20. Be3) 19... Nc6 $11 20. Raa1 f5 (20... Nd8 $1 $11) 21. Be6 (21. exf5 $16 gxf5 22. h3 Bxh3 23. Nh4) 21... Rf8 $14 22. Qc4 $36 {[%emt 0:00:17][%mdl 2048] And now b5 would win. White is on the roll.} Qd6 23. Be3 ({Better is} 23. Qd5 $16 Qb8 24. exf5 gxf5 25. Qc4 (25. b5 Nd8 $16)) 23... Rf6 $2 {[%emt 0:01:18][%mdl 8192] [#]} (23... f4 $1 $11 {and Black is okay.} 24. Bxg4 fxe3) 24. Ng5 ({Only move:} 24. exf5 $1 $18 Bxf5 25. Bxf5 Rxf5 26. g4) 24... Nd8 $2 {[%emt 0:00:25] [#] A mistake that costs the game.} (24... f4 $16 {keeps fighting.} 25. Bxg4 fxe3) 25. exf5 $1 $18 Bxf5 26. Bd5 {[%emt 0:00:38] Threatens to win with Nde4.} Rc8 27. Qb3 ({But not} 27. Bc5 $6 Qd7) 27... Rf8 28. Bc5 ({Weaker is} 28. Bxa7 Nf6 $16) 28... Rxc5 29. bxc5 Qxc5 30. Nge4 Bxe4 31. Nxe4 Qe7 32. Rxa7 Nf6 33. Nxf6 Bxf6 34. Qb4 Qg7 35. Ra8 Be7 36. Qb6 Qh6 (36... Qf6 $142 37. Qxf6+ Bxf6) 37. Rd1 {[%emt 0:00:23] White is clearly winning.} Qh5 38. Bb3 Qg5 39. h4 {[%emt 0:00:58] Weighted Error Value: White=0.22 (precise) /Black=0.49} 1-0

[Event "Fredericia IM 2022"]
[Site "Fredericia"]
[Date "2022.05.29"]
[Round "8.5"]
[White "Easwaralingam, Adesh"]
[Black "Egilstoft, Rogvi"]
[Result "1/2-1/2"]
[ECO "C70"]
[WhiteElo "2116"]
[BlackElo "2334"]
[Annotator "TA"]
[PlyCount "84"]
[EventDate "2022.05.25"]
[EventType "tourn"]
[EventCountry "DEN"]
[SourceTitle "playchess.com"]
[Source "ChessBase"]
[SourceQuality "1"]
[TimeControl "40/5400+30:1800+30"]

1. e4 e5 2. Nf3 Nc6 3. Bb5 a6 4. Ba4 Bc5 5. O-O Nge7 {[%emt 0:00:52] [#]} 6. c3 ({Better is} 6. Nxe5 $1 $16 Nxe5 7. d4) 6... Ba7 $14 {[%emt 0:01:00] C64: Ruy Lopez: Classical Defence (3...Bc5) except 4 0-0 Nf6.} 7. h3 O-O 8. d4 d6 9. Bg5 f6 {[%emt 0:06:57] [#]} 10. Bc1 $146 ({Predecessor:} 10. Be3 Kh8 11. Bb3 Bd7 12. Re1 Be8 13. Nbd2 Bh5 14. g4 Bg6 15. Be6 d5 16. exd5 Nxd5 17. Bxd5 Qxd5 {0-1 (33) Zhu,J (2459)-Nihal,S (2620) chess24.com INT 2021}) 10... Kh8 11. Bc2 Qe8 12. d5 Nb8 (12... Qg6 $2 13. dxc6 Nxc6 14. Nh4 $18) 13. Be3 Qh5 14. Nh2 Qg6 {[%emt 0:01:46] Black wants to play ...Bxe3.} 15. Kh1 Bxe3 16. fxe3 Nd7 17. Nd2 Nb6 18. b4 a5 19. a3 axb4 20. cxb4 Qh6 21. Rf3 Bd7 22. a4 $1 Ng6 23. a5 Nc8 24. Qe2 Nce7 25. Ndf1 Rac8 (25... c6 $11 {deserves consideration.}) 26. Rd1 Nh4 27. Rf2 f5 28. exf5 Nexf5 ({Don't take} 28... Bxf5 29. b5 $14) (28... Nhxf5 $11 29. Kg1 g6) 29. Nf3 ({White should play} 29. b5 $14) 29... Ng6 (29... Ne7 $11) 30. Kg1 Rf7 (30... Nfh4 $1 $14) 31. Bxf5 Bxf5 {[%emt 0:01:48] [#]} 32. N1h2 (32. Ng3 $1 $16) 32... Rcf8 33. Rd2 (33. Rdf1 $1 $14) 33... e4 (33... Be4 $11) 34. Nd4 Ne5 (34... Qg5 $14) 35. Rxf5 Rxf5 36. Nxf5 Rxf5 37. Rd4 Qh4 38. Ng4 h6 {[%emt 0:06:17] [#]} (38... Nf3+ $16 39. gxf3 exf3) 39. Nf2 $2 (39. Nxe5 $1 $18 {Strongly threatening Ng6+.} dxe5 40. Rd1) 39... Qg3 $36 {[%emt 0:02:06][%mdl 2048] Black has good play. The position is equal.} 40. Rxe4 Nf3+ {[%emt 0:00:35][%mdl 64] Discovered Attack} ({Much less strong is} 40... Rg5 41. Ng4 Rf5 42. Nxe5 Rxe5 43. Qc4 $16) 41. Kf1 Nh2+ 42. Kg1 $1 {[%emt 0:00:00][%cal Oe4f4] Threatens to win with Rf4!} Nf3+ $1 {[%emt 0:00:28] Weighted Error Value: White=0.28 (precise) /Black=0.24 (precise)} 1/2-1/2

[Event "Fredericia IM 2022"]
[Site "Fredericia"]
[Date "2022.05.29"]
[Round "9.2"]
[White "Ramsdal, Jens Albert"]
[Black "Bogdanov, Egor"]
[Result "0-1"]
[ECO "A05"]
[WhiteElo "2267"]
[BlackElo "2415"]
[Annotator "TA"]
[PlyCount "36"]
[EventDate "2022.05.25"]
[EventType "tourn"]
[EventCountry "DEN"]
[SourceTitle "playchess.com"]
[Source "ChessBase"]
[SourceQuality "1"]
[TimeControl "40/5400+30:1800+30"]

1. Nf3 {[%emt 0:00:22] Krasenkow,Michal} Nf6 2. c4 g6 3. Nc3 Bg7 4. e4 d6 5. d4 O-O 6. h3 e5 7. d5 Nh5 8. Nd2 {[%emt 0:19:58] E90: King's Indian: Classical: Early deviations and 6 h3.} Qe8 {[%emt 0:03:27] [#]} 9. Qc2 $146 ({Predecessor:} 9. g3 f5 10. Be2 Nf6 11. g4 Na6 12. f3 Qe7 13. Nf1 Nc5 14. Qc2 Ne8 15. Be3 fxe4 16. Nxe4 Nxe4 17. fxe4 {1-0 (38) Sakaev,K (2626)-Radjabov,T (2748) Khanty-Mansiysk 2009 CBM 134 [Krasenkow,Michal]}) 9... f5 10. Be2 {[%emt 0:00:45] The position is equal.} Nf4 11. Bf3 Na6 12. a3 {[%emt 0:03:07] Prevents Nb4.} Nc5 13. O-O {[%emt 0:00:05] [#]} ({White should play} 13. b4 $1 $15 Ncd3+ 14. Kf1) 13... g5 $1 $17 {[%emt 0:07:32][%cal Bg6g5,Bg5g4][%mdl 32] Black is more active.} 14. b4 {[%emt 0:02:15] [#]} g4 $1 $36 {[%emt 0:03:12][%mdl 2048] Black is in control.} 15. hxg4 (15. Bd1 $17 Ncd3 16. exf5 Bxf5 17. Nde4 gxh3 18. g3) 15... fxg4 $19 {[%emt 0:00:15] Black is clearly winning.} 16. bxc5 {[%emt 0:03:22] Black must now prevent Bd1.} gxf3 17. Nxf3 {[%emt 0:00:08] [#]} Nh3+ $1 {[%emt 0:08:45][%mdl 576] Deflection} 18. gxh3 (18. Kh2 Qh5) 18... Rxf3 {[%emt 0:00:24] Black took control after the opening.  Weighted Error Value: White=1.13/Black=0.01 (flawless)} 0-1

[Event "Fredericia IM 2022"]
[Site "Fredericia"]
[Date "2022.05.29"]
[Round "9.3"]
[White "Egilstoft, Rogvi"]
[Black "Vinter-Schou, Uffe"]
[Result "0-1"]
[ECO "B22"]
[WhiteElo "2334"]
[BlackElo "2321"]
[Annotator "TA"]
[PlyCount "76"]
[EventDate "2022.05.25"]
[EventType "tourn"]
[EventCountry "DEN"]
[SourceTitle "playchess.com"]
[Source "ChessBase"]
[SourceQuality "1"]
[TimeControl "40/5400+30:1800+30"]

1. e4 c5 2. c3 Nf6 3. e5 Nd5 4. d4 cxd4 5. cxd4 d6 6. Bc4 Nb6 7. Bb5+ Bd7 8. e6 Bxb5 9. Qh5 Qc8 10. Qxb5+ Kd8 11. Be3 {[%emt 0:01:36] B22: Sicilian: 2 c3.} fxe6 12. Nc3 Qc4 13. Qg5 {[%emt 0:14:13] The position is equal.} Nc6 (13... Nd5 $11 {keeps the balance.}) 14. Nge2 $16 {[%emt 0:01:33][%mdl 1024] [#] White has strong compensation.} g6 $146 ({Predecessor:} 14... Kd7 15. O-O Qd3 16. Rfd1 h6 17. Rxd3 hxg5 18. Bxg5 Rc8 19. Re1 e5 20. dxe5 Nxe5 {1-0 (38) Pavasovic,D (2596)-Borisek,J (2443) Terme Zrece 2003}) 15. O-O {[%emt 0:03:57] aiming for Nf4.} Bg7 16. Rfe1 Kd7 17. Rad1 Raf8 $1 18. Qg4 Nd5 19. b3 Nxe3 20. fxe3 Qb4 21. Ne4 Rf5 22. Nf4 {[%emt 0:01:15] next Ng5 is good for White. Pair of Knights!} Rhf8 {[%emt 0:06:09][%cal Rg7d4] Hoping for ...Bxd4!} 23. Nxe6 {[%emt 0:03:15][%mdl 64] Decoy} Kxe6 {[%emt 0:02:20] The board is on fire.} 24. Ng5+ ({White should try} 24. Ng3 $15 Kf7 25. Nxf5 gxf5 26. Qxf5+ Kg8 27. Qd5+ Kh8 28. Rf1) 24... Kd7 $17 {[%emt 0:04:10][%cal Be6d7,Bd7e8,Be8f7][%mdl 32] ...h5 is the strong threat.} 25. Nxh7 {[%emt 0:00:32] [#]} R8f7 ({Black should play} 25... Rg8 $1 $17 {White must now prevent ...e6.} 26. e4 Bxd4+ 27. Kh1 Bc3) 26. Ng5 $11 Ke8 {[%emt 0:05:24][%cal Oc6e5] White should prevent ...Ne5!} 27. Nxf7 Kxf7 28. Rf1 Rf6 29. Qd7 (29. Qh3 $11) 29... Qc3 $36 {[%emt 0:02:28][%mdl 2048] Keeping White busy.} 30. Rde1 (30. Qh3 $17 {was called for.}) 30... Rxf1+ (30... Bh6 $19 {has better winning chances.} 31. e4 Qxd4+ 32. Kh1 Qd3 33. Rxf6+ Kxf6 34. Qxb7 Bd2) 31. Rxf1+ Bf6 32. Qxb7 $2 {[%emt 0:02:42][%mdl 8192] This costs White the game.} (32. Qh3 $17) 32... Qxe3+ $19 33. Kh1 Qe2 {[%emt 0:01:37][%cal Re2f1] [#]} ({Avoid the trap} 33... Nxd4 $2 34. Qxa7 Qd3 35. Rg1 $19) 34. Rc1 Nxd4 35. Qxa7 Nf5 36. Qa4 $2 (36. Qg1 Qxa2 37. Qd1) 36... Ne3 {[%emt 0:01:42][%csl Ge3][%cal Re2g2] Black is clearly winning.} 37. Qe4 Qd2 38. Rg1 Nd1 {[%emt 0:00:37] Weighted Error Value: White=1.06/Black=0.20 (precise)} 0-1